AoeStats
← Hacıİlbey

MegaRandom

508687739Analyzed
2v2 RM · 8d ago on Sep 23, 2026· 55m 37s· 4 players
Game mode
Random Map
Map size
Medium (4 player)
Population
200
Speed
Normal
Resources
Standard
Victory
Conquest
Starting age
Dark Age
Ending age
Imperial Age
RankedLock teamsTeams togetherTeam positionsShared explorationLock speedFull tech treeHidden civsTurbo modeCheats
Victory
Defeat
🇦🇷 Romans · Argentina
1111
+15
🇫🇷 Ethiopians · France
1015
+19
🇹🇷 Turks · Türkiye
1078
-17
🇹🇷 Dravidians · Türkiye
1076
-17
Hacıİlbey
11:57 Loom
13:51 Feudal Age
19:53 Castle Age
20:00 Scale Barding Armor
20:43 Husbandry
24:13 Wheelbarrow
25:27 Horse Collar
29:21 Fletching
29:31 Padded Archer Armor
30:17 Heavy Plow
30:42 Double-Bit Axe
31:47 Bodkin Arrow
33:22 Thumb Ring
33:38 Hand Cart
33:48 Bow Saw
38:23 Gold Mining
38:24 Stone Mining
41:11 Forging
46:12 Imperial Age
43:29 Town Watch
47:01 Light Cavalry
48:47 Iron Casting
avare
12:35 Loom
14:50 Feudal Age
15:56 Double-Bit Axe
26:06 Castle Age
24:42 Horse Collar
25:47 Fletching
29:58 Gold Mining
32:30 Wheelbarrow
33:44 Bow Saw
47:23 Gold Shaft Mining
48:03 Heavy Plow
50:23 Scale Barding Armor
50:29 Forging
52:28 Bloodlines
55:04 Iron Casting
Poliedro Toroidal
6:41 Loom
15:33 Feudal Age
15:54 Horse Collar
15:59 Double-Bit Axe
15:53 Man-at-Arms
22:24 Scale Mail Armor
25:51 Castle Age
26:00 Long Swordsman
26:41 Squires
26:57 Chain Mail Armor
28:00 Forging
38:20 Wheelbarrow
43:45 Imperial Age
43:02 Hand Cart
42:55 Town Watch
43:27 Bow Saw
45:41 Fletching
50:10 Iron Casting
49:31 Bodkin Arrow
49:20 Pikeman
57:11 Blast Furnace
Bug Spencer
4:10 Loom
14:49 Feudal Age
15:28 Double-Bit Axe
19:46 Fletching
22:16 Town Watch
23:07 Wheelbarrow
26:35 Castle Age
25:29 Horse Collar
25:39 Gold Mining
26:40 Crossbowman
27:16 Bodkin Arrow
27:33 Padded Archer Armor
29:07 Leather Archer Armor
28:59 Heavy Plow
29:10 Bow Saw
30:55 Ballistics
31:24 Bow Saw
32:30 Thumb Ring
32:28 Scale Mail Armor
32:33 Squires
35:19 Chain Mail Armor
39:12 Caravan
39:52 Elite Skirmisher
47:30 Imperial Age
48:10 Hand Cart
49:35 Conscription
49:17 Bracer
50:27 Chemistry
50:40 Guilds
51:37 Forging
55:52 Ring Archer Armor
Connection lost

Rejoining the realm…

Still unreachable

The connection could not be restored.

Session expired

The server has moved on; the page needs a fresh start.